woodfighter, chaotic female human Barbarian ----------- ---------------- |...%.....| |...........%..| #...%%.....| ## #...............| #|..........# # #|..............| # --------# ### #|..............| #### # # #-----------.---- # # ### ### ## `# % # # # # # # # # # ## ### # # # # -----.--- # # # # ---- # |.%......######## # #### # ------ -- |... # |<.%)...| # #-----# ........| |...|# |.......-#######-----------# #|>...###q......*...| |....# --------- #-.........|# #|...|# ........| ----- |...(...(.|# #|....# --------- |.........-# #....| ----------- ----- woodfighter the Raider Experience level: 14 Strength: 18/36 Dexterity: 17 Constitution: 18 Intelligence: 6 Wisdom: 8 Charisma: 6 Health: 0(130) Energy: 54(54) Def: 17 Gold: 619 Moves: 28343 Dungeon seed: W9RMO2nv_wHbJH8A Game ID: woodfighter_1445804830 Your Inventory: Coins $ - 619 gold pieces Amulets z - an uncursed amulet of reflection (being worn) Weapons a - a greased +0 battle-axe (weapon in hands) b - 10 +0 daggers (in quiver) Armor e - a blessed greased +0 gray dragon scale mail (being worn) j - an uncursed +0 pair of leather gloves m - an uncursed +0 pair of elven boots (being worn) p - a cursed +0 pair of leather gloves (being worn) x - an uncursed thoroughly rusty +0 dwarvish iron helm (being worn) y - an uncursed +0 mummy wrapping V - an uncursed rotted +0 cloak of protection (being worn) Comestibles i - 6 uncursed food rations o - an uncursed candy bar q - an uncursed K-ration u - 2 uncursed carrots v - 2 uncursed tripe rations H - an uncursed tin of hobgoblin meat S - an uncursed lizard corpse Z - 2 uncursed lembas wafers Wands f - a wand of striking (0:7) g - a wand of polymorph (0:6) n - a wand of digging named empty? (0:3) r - a wand of sleep (0:4) B - a wand of lightning (0:3) D - a wand of make invisible (0:6) G - a wand of magic missile (0:7) J - a wand of fire (0:4) L - a blessed wand of magic missile (0:0) M - a wand of digging (0:7) T - a wand of cold (0:3) U - a wand of digging (0:4) Tools c - an uncursed lock pick h - an uncursed magic whistle s - an uncursed oilskin sack t - an uncursed blindfold A - a frost horn (0:8) C - a +0 pick-axe K - a blessed oil lamp (0:1192) O - a can of grease (0:4) Gems k - an uncursed luckstone Contents of the oilskin sack: 4544 gold pieces an uncursed clove of garlic an uncursed lizard corpse an uncursed sprig of wolfsbane a blessed scroll of blank paper 2 uncursed scrolls of blank paper an uncursed scroll of create monster an uncursed scroll of enchant armor an uncursed scroll of food detection an uncursed scroll of identify an uncursed scroll of magic mapping a blessed scroll of remove curse a cursed scroll of water a cursed spellbook of fireball an uncursed potion of extra healing an uncursed potion of gain ability 2 uncursed potions of invisibility an uncursed potion of levitation 2 uncursed potions of object detection a cursed potion of object detection 2 uncursed potions of oil a blessed potion of restore ability a blessed +1 ring of adornment an uncursed -3 ring of adornment a cursed ring of invisibility Spells and supernatural/magical abilities: Name Level Category Fail Memory W - pray for help -- divine ? -- Your skills at the end: Miscellaneous Skills bare handed combat [Basic] Weapon Skills axe [Master] short sword [Basic] Spellcasting Skills Final Attributes: You were piously aligned. You were fire resistant. You were cold resistant. You were poison resistant. You were magic-protected. You were telepathic. You were invisible. You were stealthy. You were protected. You had reflection. You were extremely lucky. You had extra luck. Bad luck did not time out for you. Good luck did not time out for you. You are dead. Vanquished creatures: a purple worm a Nazgul 3 titanotheres a trapper 2 vampire lords 2 water trolls a clay golem a lurker above 3 golden nagas a ghost a lieutenant a queen bee a winged gargoyle 2 mind flayers 5 giant mimics 4 fire giants an ogre king an ice troll an umber hulk a flesh golem 4 large mimics a wumpus a long worm 2 air elementals an earth elemental 2 hill giants a giant mummy a black naga a xorn a giant zombie 4 sergeants a water demon 4 wargs a winter wolf 8 small mimics 2 glass piercers 2 warhorses a xan an ettin mummy an ogre lord 5 quantum mechanics 7 trolls 2 pyrolisks 3 freezing spheres 3 flaming spheres 5 shocking spheres a large cat 2 tigers a gargoyle a dwarf king 3 tengu 2 gelatinous cubes 2 ochre jellies 6 crocodiles an energy vortex a human mummy a pit viper 2 pythons 7 wraiths 2 ettin zombies a leather golem 3 Grey-elves a succubus an incubus 5 giant beetles 4 cockatrices 10 wolves 3 winter wolf cubs 2 lynxes a panther 22 leprechauns a quivering blob a spotted jelly 4 lizards 2 orc-captains 5 giant spiders 4 scorpions an iron piercer 2 horses 3 ice vortices 4 black lights 4 vampire bats a forest centaur 4 gnome kings an orc mummy a dwarf mummy 11 brown puddings 3 rust monsters 7 owlbears 4 yetis 3 gold golems 5 chickatrices a dog 2 dingos 2 housecats 3 jaguars 3 dwarf lords a blue jelly a water nymph a gray unicorn 2 ravens 2 plains centaurs 4 gnome mummies a snake 4 apes 4 rope golems 2 soldier ants 29 fire ants 3 bugbears a baby crocodile 3 wood nymphs 10 Mordor orcs 5 orc shamans 2 rock piercers a fog cloud 3 yellow lights a shrieker a violet fungus 20 gnome lords 8 gnomish wizards 2 black naga hatchlings 2 golden naga hatchlings a guardian naga hatchling 2 gray oozes 2 barrow wights 2 elf zombies 3 ghouls 4 straw golems 6 paper golems 17 giant ants 4 little dogs 13 floating eyes 2 kittens 24 dwarves 2 homunculi 5 kobold lords a kobold shaman 4 iguanas 19 hill orcs 23 rothes a rabid rat 6 giant bats 3 monkeys 7 orc zombies 4 dwarf zombies 2 wererats 5 werejackals 44 killer bees 2 coyotes 5 gas spores 5 hobbits 5 acid blobs 2 large kobolds 3 geckos 8 hobgoblins 7 giant rats 6 cave spiders 2 brown molds 2 yellow molds 4 green molds a red mold 74 gnomes 17 garter snakes 7 manes 4 gnome zombies 19 jackals 3 foxes a kobold 12 newts 4 goblins a sewer rat 2 grid bugs 6 bats 6 lichens 2 kobold zombies 795 creatures vanquished. Voluntary challenges: You used a wielded weapon 1200 times, starting on turn 78. You read items or engraved 16 times, starting on turn 1133. You never genocided any monsters. You never polymorphed an object. You never changed form. You completed Sokoban on turn 12520, according to the rules. You used 1 wish, starting on turn 19114. You did not wish for any artifacts. You split 6 puddings, starting on turn 5381. You never wrote Elbereth's name. You violated your moral code, losing 3 points of alignment, starting on turn 10923. Dungeon overview: The Dungeons of Doom: levels 1 to 23 Level 1 a sink a long staircase Level 2 a fountain Level 3 Level 4 some altars to Set stairs to The Gnomish Mines Level 5 some fountains Level 6 a fountain Level 7 Level 8 Level 9 (Oracle) many fountains Level 10 stairs to Sokoban Level 11 (open water) Level 12 Level 13 some sinks Level 14 (big room) Level 15 (Quest) portal to The Quest Level 16 (Rogue) Level 17 a fountain Level 18 a fountain, a sink Level 19 a fountain Level 20 a fountain Level 21 a general store Level 22 <- You were here Level 23 The Gnomish Mines: levels 5 to 13 Level 5 stairs to The Dungeons of Doom Level 6 Level 7 Level 8 many shops, a temple to Crom, a magic chest, some fountains Level 9 Level 10 Level 11 Level 12 Level 13 a magic chest, a fountain The Quest: Level 1 portal to The Dungeons of Doom Sokoban: levels 6 to 9 Level 6 a magic chest Level 7 Level 8 Level 9 a magic chest stairs to The Dungeons of Doom History has recorded: On T:1 you entered the Dungeons of Doom to retrieve the Amulet of Yendor! On T:38 you reached level 2 of The Dungeons of Doom. On T:643 you reached level 3 of The Dungeons of Doom. On T:714 you advanced to experience level 2. On T:1009 you reached level 4 of The Dungeons of Doom. On T:1041 you reached level 5 of The Dungeons of Doom. On T:1046 you advanced to experience level 3. On T:1260 you reached level 1 of The Gnomish Mines. On T:1440 you advanced to experience level 4. On T:1531 you reached level 2 of The Gnomish Mines. On T:1589 you advanced to experience level 5. On T:1848 you advanced to experience level 6. On T:1917 you reached level 3 of The Gnomish Mines. On T:2357 you reached level 4 of The Gnomish Mines. On T:2552 you advanced to experience level 7. On T:2555 you entered the Minetown temple On T:2570 you opened a magic chest. On T:2889 you opened a magic chest. On T:2922 you opened a magic chest. On T:2923 you opened a magic chest. On T:3012 you opened a magic chest. On T:3185 you reached level 5 of The Gnomish Mines. On T:3475 you reached level 6 of The Gnomish Mines. On T:3526 you advanced to experience level 8. On T:4030 you opened a magic chest. On T:4384 you reached level 7 of The Gnomish Mines. On T:4480 you reached level 8 of The Gnomish Mines. On T:4878 you reached level 9 of The Gnomish Mines. On T:4878 you reached the bottom of the Mines. On T:5043 you advanced to experience level 9. On T:5176 you opened a magic chest. On T:5196 you opened a magic chest. On T:5215 you opened a magic chest. On T:5494 you opened a magic chest. On T:5494 you opened a magic chest. On T:5502 you advanced to experience level 10. On T:6011 you opened a magic chest. On T:6298 you opened a magic chest. On T:6299 you opened a magic chest. On T:6437 you opened a magic chest. On T:6439 you opened a magic chest. On T:6461 you opened a magic chest. On T:6462 you opened a magic chest. On T:6468 you opened a magic chest. On T:6475 you opened a magic chest. On T:6479 you opened a magic chest. On T:6532 you opened a magic chest. On T:6533 you opened a magic chest. On T:6863 you reached level 6 of The Dungeons of Doom. On T:7633 you reached level 7 of The Dungeons of Doom. On T:8097 you reached level 8 of The Dungeons of Doom. On T:8348 you reached level 9 of The Dungeons of Doom. On T:8378 you advanced to experience level 11. On T:8887 you reached level 10 of The Dungeons of Doom. On T:8957 you reached level 11 of The Dungeons of Doom. On T:9671 you reached level 4 of Sokoban. On T:9851 you opened a magic chest. On T:9852 you opened a magic chest. On T:10076 you reached level 3 of Sokoban. On T:10538 you reached level 2 of Sokoban. On T:11292 you reached level 1 of Sokoban. On T:12520 you advanced to experience level 12. On T:12520 you entered the Sokoban zoo. On T:12702 you opened a magic chest. On T:12703 you opened a magic chest. On T:12777 you opened a magic chest. On T:13054 you reached level 12 of The Dungeons of Doom. On T:13402 you reached level 13 of The Dungeons of Doom. On T:14004 you reached level 14 of The Dungeons of Doom. On T:15032 you reached level 15 of The Dungeons of Doom. On T:15095 you reached level 16 of The Dungeons of Doom. On T:15387 you opened a magic chest. On T:15391 you opened a magic chest. On T:15392 you opened a magic chest. On T:15394 you opened a magic chest. On T:16230 you opened a magic chest. On T:16245 you opened a magic chest. On T:16265 you opened a magic chest. On T:16266 you opened a magic chest. On T:16283 you opened a magic chest. On T:16285 you opened a magic chest. On T:16292 you opened a magic chest. On T:16323 you opened a magic chest. On T:16566 you opened a magic chest. On T:16567 you opened a magic chest. On T:16647 you opened a magic chest. On T:16650 you opened a magic chest. On T:16996 you opened a magic chest. On T:17266 you advanced to experience level 13. On T:17276 you advanced to experience level 14. On T:17777 you opened a magic chest. On T:17819 you opened a magic chest. On T:17820 you opened a magic chest. On T:19092 you opened a magic chest. On T:19094 you opened a magic chest. On T:19096 you opened a magic chest. On T:19107 you opened a magic chest. On T:19108 you opened a magic chest. On T:19110 you opened a magic chest. On T:19114 you wished for "+3 blessed greased fixed gray dragon scale mail". On T:19125 you opened a magic chest. On T:19127 you opened a magic chest. On T:19134 you opened a magic chest. On T:19140 you opened a magic chest. On T:19145 you opened a magic chest. On T:19898 you reached level 1 of The Quest. On T:20478 you reached level 17 of The Dungeons of Doom. On T:21271 you reached level 18 of The Dungeons of Doom. On T:21391 you reached level 19 of The Dungeons of Doom. On T:24111 you opened a magic chest. On T:24114 you opened a magic chest. On T:24116 you opened a magic chest. On T:24117 you opened a magic chest. On T:24118 you opened a magic chest. On T:25274 you reached level 20 of The Dungeons of Doom. On T:25728 you reached level 21 of The Dungeons of Doom. On T:26632 you reached level 22 of The Dungeons of Doom. On T:28240 you reached level 23 of The Dungeons of Doom. Score breakdown: Gold: 5163 ( 516 points) Experience: 14 levels ( 1300 points) Exploration: 23 levels ( 660 points) Discoveries: 46 items ( 2000 points) Variety of kills: 175 monsters ( 2000 points) Major goal: Sokoban/Mines ( 1500 points) Survival: died (score multiplied by 3) Total score: 23928 Latest messages: The yeti misses. The vampire bat misses. The vampire bat bites! The yeti claws you! (2x) The yeti bites! Your mummy wrapping is not affected. The rust monster just misses! You put a cursed potion called restore ability into the magic chest. You put a blessed potion of healing into the magic chest. You put an uncursed potion of polymorph into the magic chest. Your movements are now unencumbered. You put an uncursed wand of probing into the magic chest. You put an uncursed wand of make invisible into the magic chest. You put an uncursed wand of speed monster into the magic chest. You put an uncursed wand of slow monster into the magic chest. You put a bugle into the magic chest. You put an uncursed black gem into the magic chest. Your movements are only slowed slightly by your load. You swing your battle-axe in a tremendous arc. You smite the baluchitherium! The baluchitherium claws you! (3x) You die... Final status: Goodbye woodfighter the Barbarian, killed by a baluchitherium... You died in The Dungeons of Doom on dungeon level 22 with 23928 points, and 5163 pieces of gold, after 28343 moves. You were level 14 with a maximum of 130 hit points when you died.